 Dungeon Crawl Stone Soup version 0.27.1-3-gb3d3a73c9e (webtiles) character file.

Game seed: 8398592363550117600

872 Icepheonix32 the Covered (level 7, 0/55 HPs)
             Began as a Demonspawn Fighter on Oct 27, 2021.
             Was an Initiate of Okawaru.
             Splashed by a jelly's acid (9 damage)
             ... on level 4 of the Dungeon.
             The game lasted 00:09:57 (6958 turns).

Icepheonix32 the Covered (Demonspawn Fighter)       Turns: 6958, Time: 00:09:58

Health: 0/55       AC: 12    Str: 18    XL:     7   Next: 74%
Magic:  10/10      EV: 11    Int: 12    God:    Okawaru [......]
Gold:   123        SH:  4    Dex: 12    Spells: 7/10 levels left

rFire    . . .     SeeInvis .   y - +2 dagger (venom)
rCold    . . .     Faith    .   (no shield)
rNeg     . . .     Spirit   .   o - +0 ring mail
rPois    .         Reflect  .   m - +2 helmet
rElec    .         Harm     .   p - +2 cloak
rCorr    .         Rampage  .   (no gloves)
Will     .....                  (no boots)
Stlth    +.........             (no amulet)
HPRegen  0.18/turn              (no ring)
MPRegen  0.12/turn              (no ring)

@: corroded
A: claws 1, icemail 1, big brain 1, condensation shield
a: Renounce Religion


You were on level 4 of the Dungeon.
You worshipped Okawaru.
Okawaru was noncommittal.
You visited 2 branches of the dungeon, and saw 6 of its levels.

You collected 134 gold pieces.
You spent 11 gold pieces at shops.

Inventory:

Hand Weapons
 a - a +0 rapier
 y - a +2 dagger of venom (weapon)
Missiles
 n - 13 poisoned darts
 q - 4 boomerangs (quivered)
Armour
 b - a +0 scale mail
 c - a +0 kite shield
 m - a +2 helmet (worn)
 o - a +0 ring mail (worn)
 p - a +2 cloak (worn)
Magical Staves
 r - a staff of poison
 x - a staff of air
Wands
 u - a wand of iceblast (6)
 w - a wand of flame (21)
Scrolls
 e - a scroll of fear {unknown}
 i - 4 scrolls of teleportation {unknown}
 j - 5 scrolls of identify
 k - 2 scrolls of noise {unknown}
 l - a scroll of silence {unknown}
 t - a scroll of immolation {unknown}
 v - a scroll of amnesia {unknown}
Potions
 d - a potion of might
 f - a potion of ambrosia {unknown}
 g - a potion of lignification {unknown}
 h - 4 potions of heal wounds {unknown}
 s - a potion of curing {unknown}
 z - a potion of flight {unknown}
 A - a potion of attraction {unknown}
 B - a potion of magic {unknown}


   Skills:
 + Level 4.4 Fighting
 - Level 2.3 Short Blades
 + Level 0.4 Throwing
 * Level 5.9 Armour
 + Level 2.7 Dodging
 + Level 1.0 Stealth
 - Level 3.1 Shields
 * Level 2.0 Spellcasting
 * Level 2.0 Summonings


You had 7 spell levels left.
You knew the following spells:

 Your Spells              Type           Power      Damage    Failure   Level
a - Call Canine Familiar  Summ           6%         N/A       52%         3

Your spell library contained the following spells:

 Spells                   Type           Power      Damage    Failure   Level
 Summon Guardian Golem    Hex/Summ       3%         N/A       65%         3
 Dazzling Flash           Conj/Hex       2%         N/A       80%         3
 Portal Projectile        Hex/Tloc       2%         N/A       80%         3
 Iskenderun's Mystic Bla  Conj/Tloc      1%         2d3       99%         4
 Leda's Liquefaction      Hex/Erth       0%         N/A       99%         4
 Starburst                Conj/Fire      0%         6d3       100%        6
 Orb of Destruction       Conj           0%         N/A       100%        7
 Spellforged Servitor     Conj/Summ      1%         N/A       100%        7


Dungeon Overview and Level Annotations

Branches:
Dungeon (5/15)             Temple (1/1) D:5

Altars:
Ashenzari
Cheibriados
Elyvilon
Fedhas
Gozag
Hepliaklqana
Kikubaaqudgha
Makhleb
Nemelex Xobeh
Okawaru
Sif Muna
Uskayaw
Vehumet
Zin

Shops:
D:1 !   D:4 [   D:5 (


Innate Abilities, Weirdness & Mutations

You have sharp fingernails.
A meltable icy envelope protects you from harm. (AC +4)
You have an unusually large brain. (Int +2)
A meltable shield of frost defends you. (SH +4)


Message History

You hit the jelly.
Your claws burn!
The jelly is moderately wounded.
You block the jelly's attack.
You hit the jelly. The acid corrodes you!
Your claws burn!
The jelly is heavily wounded.
You hit the jelly.
Your claws burn!
The jelly is severely wounded.
The jelly hits you but does no damage.
You hit the jelly but do no damage.
Your claws burn!
The jelly is severely wounded.
The jelly closely misses you.
You hit the jelly but do no damage.
Your claws burn!
The jelly is severely wounded.
The jelly hits you but does no damage.
You are too injured to fight recklessly!
You are too injured to fight recklessly!
You are too injured to fight recklessly!
You are too injured to fight recklessly!
You are too injured to fight recklessly!
You are too injured to fight recklessly!
You are too injured to fight recklessly!
You are too injured to fight recklessly!
You are too injured to fight recklessly!
You are too injured to fight recklessly!
You are too injured to fight recklessly!
The jelly hits you but does no damage.
You hit the jelly but do no damage.
Your claws burn!
The jelly is severely wounded.
You block the jelly's attack.
You hit the jelly.
Your claws burn!
* * * LOW HITPOINT WARNING * * *
The jelly is almost dead.
The jelly barely misses you.
You hit the jelly but do no damage.
Your claws burn!
* * * LOW HITPOINT WARNING * * *
The jelly is almost dead.
The jelly hits you.
* * * LOW HITPOINT WARNING * * *
You are splashed with acid!
You die...

#........##
#.........#
#.........#
#..##..########
#..##..####...##
#...#.....<....#
#.>.#.........######
#..##>.##.....##...##
#..##@J#########....#
#...#..........#....#
#...#..........'....#
#..#######..####.#####
#..##..#########.####.
#...#.................
#...#.................
#...#...).............
#...#.................


You could see a jelly.

Vanquished Creatures
  2 ogres
  2 scorpions (D:5)
  A centaur zombie (D:5)
  2 hounds
  An orc priest (D:4)
  A centaur skeleton (D:3)
  Ijyb (D:4)
  2 orc wizards (D:4)
  A killer bee zombie (D:4)
  A hound skeleton (D:4)
  3 adders
  14 gnolls
  A shadow imp (D:5)
  A white imp (D:4)
  An ufetubus (D:4)
  5 dart slugs
  9 orcs (D:4)
  10 ball pythons
  12 endoplasms
  3 giant cockroaches
  15 goblins
  7 hobgoblins
  5 jackals
  5 quokkas
  7 bats
  7 frilled lizards (D:1)
  14 kobolds
  7 rats
140 creatures vanquished.

Vanquished Creatures (others)
  6 plants (D:1)
6 creatures vanquished.

Grand Total: 146 creatures vanquished

Notes
Turn   | Place    | Note
-------+----------+-------------------------------------------
     0 | D:1      | Icepheonix32 the Demonspawn Fighter began the quest for the
                  | Orb.
     0 | D:1      | Reached XP level 1. HP: 18/18 MP: 1/1
   245 | D:1      | Reached skill level 3 in Armour
   245 | D:1      | Gained mutation: You have an unusually large brain. (Int
                  | +2) [demonic ancestry]
   245 | D:1      | Reached XP level 2. HP: 22/24 MP: 2/2
   274 | D:1      | Found Zawau's Distillery.
   282 | D:1      | Bought a potion of degeneration for 11 gold pieces
   717 | D:1      | Gained mutation: A meltable shield of frost defends you.
                  | (SH +4) [demonic ancestry]
   717 | D:1      | Reached XP level 3. HP: 6/29 MP: 3/3
  1812 | D:2      | Found a faded altar of an unknown god.
  1998 | D:2      | Found a radiant altar of Vehumet.
  2083 | D:2      | Gained mutation: You have sharp fingernails. [demonic
                  | ancestry]
  2083 | D:2      | Reached XP level 4. HP: 33/35 MP: 4/4
  2897 | D:3      | Reached skill level 1 in Dodging
  2998 | D:3      | Learned a level 3 spell: Call Canine Familiar
  3420 | D:3      | Reached XP level 5. HP: 37/42 MP: 5/5
  3705 | D:4      | Reached skill level 4 in Armour
  3705 | D:4      | Reached skill level 1 in Summonings
  4219 | D:4      | Noticed Ijyb
  4246 | D:4      | Killed Ijyb
  4450 | D:4      | Reached skill level 1 in Spellcasting
  4450 | D:4      | Reached XP level 6. HP: 27/48 MP: 7/7
  5264 | D:4      | Found Urehelle's Armour Emporium.
  5642 | D:5      | Entered Level 5 of the Dungeon
  5660 | D:5      | Reached skill level 5 in Armour
  5660 | D:5      | Gained mutation: A meltable icy envelope protects you from
                  | harm. (AC +4) [demonic ancestry]
  5660 | D:5      | Reached XP level 7. HP: 21/54 MP: 9/9
  6095 | D:5      | Reached skill level 1 in Stealth
  6320 | D:5      | Found a staircase to the Ecumenical Temple.
  6331 | Temple   | Entered the Ecumenical Temple
  6556 | Temple   | Became a worshipper of Warmaster Okawaru
  6809 | D:5      | Found Jyos Deg's Firing Range.
  6958 | D:4      | Splashed by a jelly's acid

Illustrated notes

Levels and vault maps discovered:
D:1:      dpeg_cavernosity, layout_basic, serial_shops, nicolae_square_shop,
          columned_hall_lemuel, amcnicky_mini_rare_corridor_liquid,
          lexackson_kobold_supper
D:2:      layout_loops_ring, chequers_ecumenical_altar_island, basic_altar
D:3:      layout_basic
D:4:      kennysheep_the_goblin_king, layout_gridville, serial_shops,
          nicolae_shop_temple_entry_statues_fountains, corexii_leaking_fountain
D:5:      layout_basic, minmay_temple_entry_stoned_glass,
          hangedman_abyss_or_decor_slice, nicolae_shop_firing_range
Temple:   minmay_temple_curvy_branch

Skill      XL: |  1  2  3  4  5  6  7 |
---------------+----------------------+-----
Armour         | 3 4 5 |  5.9
Short Blades   | 2 |  2.3
Shields        | 3 |  3.1
Dodging        | 1 2 |  2.7
Fighting       | 4 |  4.4
Summonings     | 1 2 |  2.0
Spellcasting   | 1 2 |  2.0
Stealth        | 1 |  1.0
Throwing       | |  0.4

Action                   |  1- 3 |  4- 6 |  7- 9 || total
-------------------------+-------+-------+-------++-------
Melee: Rapier            |   192 |   237 |       ||   429
       Dagger            |       |    30 |    89 ||   119
Throw: Boomerang         |       |    19 |     4 ||    23
  Use: Potion            |       |     1 |       ||     1
       Scroll            |       |       |     2 ||     2
Armor: Scale mail        |    86 |    24 |       ||   110
       Ring mail         |       |   129 |    56 ||   185
Dodge: Dodged            |    59 |   177 |    57 ||   293
Block: Kite shield       |   145 |       |       ||   145
       Other             |       |    60 |    18 ||    78
